 Dungeon Crawl Stone Soup version 0.25-a0-356-g7c9d860b3b (webtiles) character file.

Game seed: 18054902000268150924, levelgen mode: deterministic

118 Conn the Firebug (level 5, -1/32 HPs)
             Began as an Octopode Fire Elementalist on Jan 3, 2020.
             Slain by a worker ant (6 damage)
             ... on level 3 of the Dungeon.
             The game lasted 00:07:35 (3354 turns).

Conn the Firebug (Octopode Fire Elementalist)       Turns: 3354, Time: 00:07:36

Health: -1/32      AC:  1    Str:  8    XL:     5   Next: 2%
Magic:  1/9        EV: 14    Int: 18    God:
Gold:   115        SH:  0    Dex: 12    Spells: 3/10 levels left

rFire    + . .     SeeInvis .   o - +0 dagger
rCold    . . .     Gourm    .   (no shield)
rNeg     . . .     Faith    .   (helmet restricted)
rPois    .         Spirit   .   (no amulet)
rElec    .         Reflect  .   v - ring of protection from fire
rCorr    .         Harm     .   (no ring)
MR       .....                  (no ring)
Stlth    +++.......             (no ring)
HPRegen  0.10/turn              (no ring)
MPRegen  0.11/turn              (no ring)
                                (no ring)
                                (no ring)

@: no status effects
A: almost no armour, stealthy swim, amphibious, 8 rings, constrict 8, camouflage
1, gelatinous body 1
a: no special abilities


You were on level 3 of the Dungeon.
You were not hungry.

You visited 1 branch of the dungeon, and saw 3 of its levels.

You collected 115 gold pieces.

Inventory:

Hand Weapons
 o - a +0 dagger (weapon)
Missiles
 k - 62 sling bullets
 q - 3 boomerangs of dispersal (quivered)
Armour
 h - a +0 buckler
Jewellery
 v - a ring of protection from fire (left tentacle)
Wands
 t - a wand of iceblast (8)
Scrolls
 a - a scroll of noise {unknown}
 d - a scroll of fog {unknown}
 e - a scroll of amnesia {unknown}
 g - a scroll of immolation {unknown}
 j - 2 scrolls of magic mapping {unknown}
 l - a scroll of teleportation {unknown}
 m - 4 scrolls of identify {unknown}
 n - a scroll of remove curse {unknown}
Potions
 c - a potion of magic {unknown}
 i - a potion of brilliance
 p - a potion of haste {unknown}
 r - a potion of degeneration {unknown}
 s - a potion of curing
 u - a potion of flight {unknown}
Comestibles
 b - 4 rations
 f - 2 chunks of flesh


   Skills:
 + Level 0.5 Fighting
 + Level 1.0 Short Blades
 + Level 2.6 Dodging
 + Level 3.4 Stealth
 + Level 3.1 Spellcasting
 + Level 1.5 Conjurations
 + Level 3.5 Fire Magic


You had 3 spell levels left.
You knew the following spells:

 Your Spells              Type           Power        Failure   Level  Hunger
a - Foxfire               Conj/Fire      ##..         6%          1    None
b - Conjure Flame         Conj/Fire      ##......     17%         3    ###....
c - Inner Flame           Hex/Fire       #.......     24%         3    ###....

Your spell library contained the following spells:

 Spells                   Type           Power        Failure   Level  Hunger
 Sticky Flame             Conj/Fire      ##......     50%         4    ####...
 Fireball                 Conj/Fire      ##........   85%         5    ######.


Dungeon Overview and Level Annotations

Branches:
Dungeon (3/15)

Altars:
Gozag
Zin


Innate Abilities, Weirdness & Mutations

You cannot wear most types of armour.
You are very stealthy in the water. (Stealth+)
You are amphibious.
You can wear up to eight rings at the same time.
You can use your tentacles to constrict eight enemies at once.
Your skin changes colour to match your surroundings (Stealth+).
Your rubbery body absorbs attacks. (AC +1, EV +1)


Message History

Confirm with . or Enter, or press ? or * to list all spells.
You conjure some foxfire!
The worker ant bites you! x2
The foxfire hits the worker ant but does no damage.
The worker ant is heavily wounded.
The foxfire hits the worker ant.
The worker ant is severely wounded.
The worker ant barely misses you.
Casting: Foxfire (safe; 6% risk of failure)
Confirm with . or Enter, or press ? or * to list all spells.
You conjure some foxfire!
The worker ant bites you.
* * * LOW HITPOINT WARNING * * *
The foxfire hits the worker ant.
The worker ant is severely wounded.
The foxfire hits the worker ant.
The worker ant is severely wounded.
The worker ant misses you.
Casting: Foxfire (safe; 6% risk of failure)
Confirm with . or Enter, or press ? or * to list all spells.
You conjure some foxfire!
The worker ant bites you.
You die...

############
#..........#
#..........# ...
#..........# ....
#...a......# .....
#...@v.....# .....
#..§§v.....#
.....###..........#
......#.....$.....#
........#####.#####
........## .#
.........# .#
.........# .#
.........#


You could see a worker ant.

Vanquished Creatures
  Robin (D:2)
  4 adders
  An ooze (D:2)
  3 dart slugs
  2 leopard geckos
  5 giant cockroaches
  15 goblins
  7 hobgoblins
  4 jackals (D:2)
  2 kobolds
  A ball python (D:3)
  4 bats
  4 frilled lizards
  4 rats
57 creatures vanquished.

Vanquished Creatures (others)
  141 foxfires
141 creatures vanquished.

Grand Total: 198 creatures vanquished

Notes
Turn   | Place    | Note
-------+----------+-------------------------------------------
     0 | D:1      | Conn the Octopode Fire Elementalist began the quest for the
                  | Orb.
     0 | D:1      | Reached XP level 1. HP: 11/11 MP: 3/3
   549 | D:1      | Reached XP level 2. HP: 10/17 MP: 1/5
  1357 | D:2      | Found a glowing silver altar of Zin.
  1358 | D:2      | Found an opulent altar of Gozag.
  1453 | D:2      | Reached XP level 3. HP: 16/21 MP: 6/6
  1461 | D:2      | HP: 1/21 [jackal (2)]
  1786 | D:2      | Noticed Robin
  2098 | D:2      | Learned a level 3 spell: Conjure Flame
  2102 | D:2      | Learned a level 3 spell: Inner Flame
  2243 | D:2      | Killed Robin
  2498 | D:2      | Reached XP level 4. HP: 27/27 MP: 4/8
  3315 | D:3      | Reached skill level 1 in Short Blades
  3315 | D:3      | Reached XP level 5. HP: 32/32 MP: 6/9
  3354 | D:3      | Slain by a worker ant

Levels and vault maps discovered:
D:1:      minmay_arrival_plants_in_alcoves, layout_basic
D:2:      layout_basic, grunt_temple_overflow_gold_and_silver, first_ration,
          uniq_robin
D:3:      layout_rooms, uniq_ijyb

Skill      XL: |  1  2  3  4 |
---------------+-------------+-----
Stealth        | 3 |  3.4
Spellcasting   | 3 |  3.1
Short Blades   | 1 |  1.0
Fighting       | |  0.5
Dodging        | |  2.6
Conjurations   | |  1.5
Fire Magic     | |  3.5

Action                   |  1- 3 |  4- 6 || total
-------------------------+-------+-------++-------
Melee: Unarmed           |    18 |       ||    18
       Tentacles         |     9 |       ||     9
       Constrict         |     6 |     1 ||     7
       Dagger            |     5 |     5 ||    10
 Cast: Foxfire           |    48 |    40 ||    88
  Use: Potion            |     4 |       ||     4
 Stab: Sleeping          |       |     3 ||     3
  Eat: Chunk             |     5 |     3 ||     8
Armor: Skin              |     7 |     6 ||    13
Dodge: Dodged            |    55 |    21 ||    76

Table legend:
 A = Non-vault XP
 B = Vault XP
 C = Vault XP percentage of total XP
 D = Non-vault monster count
 E = Vault monster count
 F = Vault count percentage of total count
                 A         B        C        D         E       F
            +---------+---------+-------+---------+---------+-------
      Total |     131 |      38 |  22.5 |      44 |      13 |  22.8
            +---------+---------+-------+---------+---------+-------
        D:1 |      23 |       0 |   0.0 |      11 |       0 |   0.0
        D:2 |      53 |      38 |  41.8 |      19 |      13 |  40.6
        D:3 |      55 |       0 |   0.0 |      14 |       0 |   0.0
            +---------+---------+-------+---------+---------+-------
